Map: Tokamak LE

Players

milkicow

  • Race: Terran Terran
  • Spawn Location: 1:00

ByuN - Winner!

  • Race: Terran Terran
  • League: Diamond
  • Spawn Location: 7:00

VOD

Have the link to the VOD?

Description

Time

  • Played on: June 13, 2025, 11:06 a.m.
  • Length: 6:15
Show
View Real Time Build Order
Export as new Build Order

milkicow Terran 

Build Orders: Command Center First 

Get SALT Encoding   

  12  0:00  SCV  
  13  0:12  SCV  
  14  0:18  Supply Depot  
  14  0:24  SCV  
  15  0:39  SCV  
  16  0:51  SCV  
  17  0:59  Command Center  
  17  1:04  SCV  
  18  1:12  Barracks  
  19  1:24  Barracks  
  19  1:25  SCV  
  19  1:35  Refinery  
  19  1:37  SCV  
  20  1:47  Refinery  
  20  1:49  SCV  
  21  1:59  Marine  
  22  2:06  Orbital Command  
  22  2:11  Orbital Command  
  22  2:12  Marine  
  23  2:17  Marine  
  24  2:30  Marine  
  24  2:31  SCV  
  24  2:36  Factory  
  25  2:37  SCV  
  25  2:40  Marine  
  27  2:48  Marine, SCV  
  29  2:54  SCV  
  29  2:56  Bunker  
  30  3:00  Marine, SCV, Supply Depot  
  32  3:06  SCV  
  32  3:07  Marine  
  32  3:12  SCV  
  35  3:18  SCV  
  36  3:24  Factory Tech Lab, SCV  
  36  3:25  Starport, Supply Depot  
  38  3:30  SCV  
  38  3:38  SCV  
  39  3:42  Cyclone  
  39  3:44  SCV  
  39  3:48  Supply Depot  
  43  3:50  SCV, Barracks Reactor  
  44  3:58  SCV  
  44  3:59  Command Center  
  44  4:02  Starport Tech Lab, SCV  
  46  4:05  Refinery  
  46  4:09  Marine  
  47  4:10  SCV  
  47  4:14  Siege Tank, SCV  
  52  4:19  Supply Depot  
  52  4:22  SCV  
  53  4:24  Refinery  
  53  4:30  Marine x2  
  55  4:36  SCV  
  56  4:40  Raven  
  56  4:41  SCV  
  56  4:42  Marine  
  57  4:46  Supply Depot  
  57  4:48  Marine, SCV  
  55  4:53  SCV  
  45  5:00  Marine, SCV  
  45  5:05  SCV  
  47  5:10  Siege Tank  
  47  5:11  Supply Depot  
  47  5:12  SCV  
  51  5:17  SCV  
  51  5:18  Orbital Command  
  52  5:22  Marine x2  
  52  5:24  SCV  
  52  5:26  Marine  
  56  5:30  SCV  
  54  5:36  SCV  
  54  5:40  Marine x2  
  54  5:42  SCV  
  52  5:43  Marine  
  52  5:44  SCV  
  52  5:48  SCV  
  50  5:54  SCV  
  50  5:56  SCV  
Show
View Real Time Build Order
Export as new Build Order

ByuN Terran - Winner!

Build Orders: Reaper Expand 

Get SALT Encoding   

  12  0:00  SCV  
  13  0:12  SCV  
  14  0:17  Supply Depot  
  14  0:24  SCV  
  15  0:38  SCV  
  15  0:39  Barracks  
  16  0:42  Refinery  
  16  0:50  SCV  
  17  1:02  SCV  
  18  1:14  SCV  
  19  1:25  Reaper  
  19  1:27  Orbital Command  
  20  1:40  Command Center  
  20  1:52  Supply Depot  
  20  1:53  SCV  
  21  1:57  Marine  
  22  2:05  Factory  
  22  2:08  SCV  
  22  2:13  Refinery  
  23  2:20  Barracks Reactor  
  23  2:21  SCV  
  24  2:33  SCV  
  25  2:45  SCV  
  26  2:52  Starport, Orbital Command  
  26  2:54  Factory Tech Lab  
  26  2:56  Refinery  
  26  2:57  Marine x2, SCV  
  29  3:09  SCV  
  30  3:15  Marine x2  
  30  3:16  Siege Tank  
  35  3:22  SCV x2  
  37  3:32  Medivac  
  39  3:35  Marine x2, Supply Depot  
  39  3:40  SCV x2  
  43  3:48  Siege Tank  
  46  3:57  Marine x2, SCV x2  
  46  3:58  Supply Depot  
  46  4:02  Liberator  
  53  4:09  SCV  
  54  4:19  SCV  
  54  4:20  Supply Depot  
  54  4:21  SCV  
  54  4:23  Siege Tank  
  59  4:31  SCV  
  59  4:33  SCV  
  61  4:42  Command Center  
  61  4:43  SCV  
  63  4:45  SCV  
  62  4:56  SCV  
  62  4:57  SCV  
  62  4:58  Barracks Tech Lab  
  58  5:03  Starport Reactor, Siege Tank  
  59  5:08  SCV  
  59  5:09  SCV  
  59  5:10  Barracks  
  61  5:16  Barracks  
  61  5:18  Marine  
  61  5:20  SCV  
  63  5:22  SCV, Supply Depot  
  63  5:27  Engineering Bay  
  64  5:28  Engineering Bay  
  64  5:32  SCV  
  64  5:34  SCV  
  66  5:35  Marine  
  66  5:39  Siege Tank, Refinery  
  70  5:44  SCV  
  70  5:46  SCV  
  72  5:53  Marine  
  72  5:56  SCV  
  71  5:58  SCV  
  71  6:03  Starport Reactor  
Tags
 
Add a new tag
Caveats
  • Supply blocks, unpowered buildings, or Contaminate may cause inaccurate times.
  • Supply counts are checked every 10 seconds.